 Dungeon Crawl Stone Soup version 0.22.1-1-ga44c0e5 (webtiles) character file.

117 tifemel the Shooter (level 4, -1/37 HPs)
             Began as a Centaur Hunter on Sept 28, 2018.
             Killed by divine providence
             ... invoked by an orc priest
              (12 damage)
             ... on level 3 of the Dungeon.
             The game lasted 00:10:20 (3269 turns).

tifemel the Shooter (Centaur Hunter)                Turns: 3269, Time: 00:10:21

Health: -1/37      AC:  6    Str: 16    XL:     4   Next: 71%
Magic:  4/4        EV:  7    Int: 10    God:
Gold:   94         SH:  0    Dex:  9    Spells: 3/3 levels left

rFire    . . .     SeeInvis .   a - +1 shortbow
rCold    . . .     Gourm    .   (shield currently unavailable)
rNeg     . . .     Faith    .   x - +0 scale mail
rPois    .         Spirit   .   (no helmet)
rElec    .         Reflect  .   (no cloak)
rCorr    .         Harm     .   (no gloves)
MR       .....                  (no barding)
Stlth    ..........             (no amulet)
HPRegen  0.12/turn              (no ring)
MPRegen  0.09/turn              (no ring)

@: very quick
A: large, hooves 3, deformed body, speed 2, tough skin 3
a: no special abilities


You were on level 3 of the Dungeon.
You were not hungry.

You visited 1 branch of the dungeon, and saw 3 of its levels.

You collected 94 gold pieces.

Inventory:

Hand Weapons
 a - a +1 shortbow (weapon)
 b - a +0 short sword
Missiles
 d - 13 arrows (quivered)
Armour
 c - a +0 leather armour
 p - a +0 pair of boots
 x - a +0 scale mail (worn)
Jewellery
 r - an uncursed ring of stealth {unknown}
 y - an uncursed ring of wizardry {unknown}
Scrolls
 e - a scroll of fog {unknown}
 h - a scroll of blinking {unknown}
 i - 3 scrolls of remove curse {unknown}
 k - 4 scrolls of identify {unknown}
 l - a scroll of enchant armour {unknown}
 m - a scroll of immolation {unknown}
 n - 2 scrolls of enchant weapon {unknown}
 o - 2 scrolls of noise {unknown}
 s - a scroll of amnesia {unknown}
 u - a scroll of magic mapping {unknown}
 v - a scroll of teleportation {unknown}
Potions
 g - 3 potions of flight {unknown}
 j - a potion of might {unknown}
 q - 2 potions of invisibility {unknown}
 t - a potion of curing {unknown}
 w - a potion of agility {unknown}
Comestibles
 f - 7 rations


   Skills:
 + Level 2.8 Fighting
 * Level 3.2 Short Blades
 - Level 5.3 Bows
 - Level 1.0 Armour
 - Level 1.3 Dodging
 - Level 0.4 Stealth


You had 3 spell levels left.
You didn't know any spells.
Your spell library was empty.

Dungeon Overview and Level Annotations

Branches:
Dungeon (3/15)

Altars:
Cheibriados
Nemelex Xobeh


Innate Abilities, Weirdness & Mutations

You have hooves in place of feet.
Armour fits poorly on your strangely shaped body.
You cover ground very quickly.
You have extremely tough skin. (AC +3)


Message History

Aim: an orc priest, wielding a short sword and wearing a chain mail You shoot an arrow.
The arrow barely misses the orc priest.
Firing (i - inventory)
d - 14 arrows (quivered)
Press: ? - help, Shift-Dir - straight line, f/p - orc priest
Aim: an orc priest, wielding a short sword and wearing a chain mail You shoot an arrow.
The arrow hits the orc priest.
The orc priest is lightly wounded.
The orc priest mumbles some strange prayers to Beogh against you.
Pain shoots through your body!
* * * LOW HITPOINT WARNING * * *
Found 12 gold pieces.
Found 5 gold pieces.
A dart slug comes into view.
Found a snail-covered altar of Cheibriados.
The orc priest hits you with a short sword.
* * * LOW HITPOINT WARNING * * *
You see here a club.
The orc priest mumbles some strange prayers to Beogh against you.
Beogh smites you!
You die...

########.##..##.# ###.#
.........##..#...≈≈≈... ....
...........o(#..≈≈≈≈w##.###.#
########.##o##$$≈≈.≈≈_#.##...
#.##.###.≈≈≈≈≈##.##... #.##.#
##.≈≈≈###.##... #.##.# #####
#.##### ##.##.######### #.#
#. ####.....@.......# #.# #>
.........########[###.## #.
#........# #.##...###.
#.###.....# #......†... #
##...## ####...###. ###..
##...... ### ######. #. #.


You could see an orc priest and an orc.

Vanquished Creatures
  6 adders
  2 oozes
  A worm (D:2)
  A dart slug (D:1)
  An orc (D:3)
  4 bats
  2 giant cockroaches (D:1)
  7 goblins
  7 hobgoblins
  4 jackals
  4 frilled lizards
  8 kobolds
  4 rats
51 creatures vanquished.

Notes
Turn   | Place    | Note
-------+----------+-------------------------------------------
     0 | D:1      | tifemel the Centaur Hunter began the quest for the Orb.
     0 | D:1      | Reached XP level 1. HP: 17/17 MP: 1/1
   391 | D:1      | Reached skill level 1 in Short Blades
   429 | D:1      | Reached XP level 2. HP: 20/24 MP: 2/2
  1318 | D:2      | Found a sparkling altar of Nemelex Xobeh.
  1591 | D:2      | Reached XP level 3. HP: 19/30 MP: 3/3
  2494 | D:2      | Reached XP level 4. HP: 34/37 MP: 4/4
  2952 | D:3      | Reached skill level 1 in Armour
  3256 | D:3      | Found a snail-covered altar of Cheibriados.
  3269 | D:3      | Killed from afar by an orc priest

Skill      XL: |  1  2  3  4 |
---------------+-------------+-----
Short Blades   | 1 2 3 |  3.2
Armour         | 1 |  1.0
Fighting       | |  2.8
Bows           | |  5.3
Dodging        | |  1.3
Stealth        | |  0.4

Action                   |  1- 3 |  4- 6 || total
-------------------------+-------+-------++-------
Melee: Short sword       |    99 |    59 ||   158
       Kick              |    17 |     9 ||    26
 Fire: Shortbow          |    10 |     9 ||    19
  Eat: Chunk             |     3 |     3 ||     6
Armor: Leather armour    |    30 |     1 ||    31
       Scale mail        |       |    34 ||    34
Dodge: Dodged            |    41 |    26 ||    67
